 Dungeon Crawl Stone Soup version 0.28.0-47-ge53b351184 (console) character file.

Game seed: 7470257582991417731

541 Faeu the Skirmisher (level 7, 0/62 HPs)
             Began as a Minotaur Fighter on May 2, 2022.
             Was an Initiate of Hepliaklqana.
             Killed by nerve-wracking pain
             ... invoked by Menkaure
              (1 damage)
             ... on level 4 of the Dungeon.
             The game lasted 00:09:08 (3789 turns).

Faeu the Skirmisher (Minotaur Fighter)              Turns: 3789, Time: 00:09:08

Health: 0/62       AC: 10    Str: 22    XL:     7   Next: 5%
Magic:  6/6        EV:  7    Int:  5    God:    Hepliaklqana [......]
Gold:   268        SH:  5    Dex: 10    Spells: 6/6 levels left

rFire   . . .      SeeInvis .   a - +0 war axe {axe}
rCold   . . .      Faith    .   c - +0 buckler
rNeg    . . .      Spirit   .   j - +0 chain mail
rPois   .          Reflect  .   (helmet restricted)
rElec   .          Harm     .   (no cloak)
rCorr   .          Rampage  .   (no gloves)
Will    .....                   (no boots)
Stlth   ..........              (no amulet)
HPRegen 0.20/turn               (no ring)
MPRegen 0.10/turn               (no ring)

@: no status effects
A: horns 2, retaliatory headbutt
a: Renounce Religion


You were on level 4 of the Dungeon.
You worshipped Hepliaklqana.
Hepliaklqana was noncommittal.
You visited 2 branches of the dungeon, and saw 5 of its levels.

You collected 268 gold pieces.


Innate Abilities, Weirdness & Mutations

You have a pair of horns on your head.
You reflexively headbutt those who attack you in melee.


   Skills:
 + Level 5.8 Fighting
 + Level 5.1 Axes
 + Level 5.7 Armour
 + Level 5.6 Shields


You had 6 spell levels left.
You didn't know any spells.
Your spell library was empty.

Inventory:

Hand Weapons
 a - a +0 war axe (weapon) {axe}
 i - a +3 falchion {long}
   (You took it off an orc on level 3 of the Dungeon)
 n - a +1 dagger of draining {short}
   (You took it off a goblin on level 3 of the Dungeon)
 p - a +2 quarterstaff of chaos {staff}
   (You took it off Crazy Yiuf on level 2 of the Dungeon)
 r - a +2 vorpal mace {mace}
   (You found it on level 2 of the Dungeon)
 s - a +5 flail {mace}
   (You took it off Terence on level 2 of the Dungeon)
 u - a +1 dagger of flaming {short}
   (You took it off a kobold on level 4 of the Dungeon)
Missiles
 v - 4 poisoned darts (quivered) {throwing}
Armour
 b - a +0 scale mail
 c - a +0 buckler (worn)
 j - a +0 chain mail (worn)
   (You found it on level 3 of the Dungeon)
 q - a +0 cloak
   (You took it off Crazy Yiuf on level 2 of the Dungeon)
Jewellery
 t - a ring of see invisible
   (You found it on level 4 of the Dungeon)
Scrolls
 f - 4 scrolls of identify {unknown}
 g - 2 scrolls of teleportation {unknown}
 h - 2 scrolls of magic mapping {unknown}
 k - 2 scrolls of torment {unknown}
 l - a scroll of blinking {unknown}
 o - a scroll of amnesia {unknown}
Potions
 d - a potion of might
 e - 3 potions of mutation {unknown}
 m - 2 potions of curing {unknown}
 w - 2 potions of lignification {unknown}
 x - a potion of berserk rage {unknown}
 z - 2 potions of brilliance {unknown}

Dungeon Overview and Level Annotations

Branches:
Dungeon (4/15)             Temple (1/1) D:4

Altars:
Ashenzari
Cheibriados
Dithmenos
Gozag
Hepliaklqana
Makhleb
Nemelex Xobeh
Trog
Uskayaw
Vehumet
Xom
Zin

Shops:
D:1 (

Annotations:
D:2 Natasha
D:4 Menkaure

...#..................# #.#
.#...#############.##.# #.#
.#################.##.#####.#
.# #..........#..>.......###
.######.########.#..#>........#
.#...##.# #.#..#######.#.#
......#.##### #.#..# #.#.#
............# #.#..# #.#.###
......#.###.# #<#..# #......
.#...##.# #.#
#.#..#######...### .##.###.#
#.# #@#............# ###..##.#
#.# #M##.#######...#
##.##.###.####.##.### #...#
#.##....รทM.........#######.#
#.#####.##########.........###
#.# #.# ###.......... #.#
#.############.######### #.#
#M...........#.# #.#
#.##########.#.# #.# #.# #<#.##
#.#####.##### ##....########


You could see Menkaure (fast).


Message History

Menkaure, Prince of Dust comes into view.
Menkaure shouts!
Cleave: a) +0 war axe {axe}
Press: ? - help, Dir - move target, f - Menkaure
Aim: Menkaure (about 27% to evade your +0 war axe)
Your weapon can't reach that far!
Okay, then.
Unknown command.
The hobgoblin hits you but does no damage.
Menkaure casts a spell.
Menkaure seems to speed up.
The hobgoblin barely misses you.
Menkaure calls on the powers of darkness!
The hobgoblin convulses!
Your body is wracked with pain! ๐Ÿ˜ฎ HP[-30]
You take 30 damage, and now have 32/62 hp.
MASSIVE DAMAGE!! (PAUSE)
The hobgoblin hits you but does no damage.
Menkaure grins.
Menkaure points at you and mumbles some strange words.
Pain shoots through your body!
* * * LOW HITPOINT WARNING * * *
๐Ÿ˜จ HP[-6]
You take 6 damage, and now have 26/62 hp. ๐Ÿ˜จ HP[+1] Menkaure murmurs in an indecipherable tongue.
Menkaure's bandages flutter. ๐Ÿ˜จ HP[+1] Menkaure calls on the powers of darkness!
The hobgoblin convulses!
Your body is wracked with pain!
* * * LOW HITPOINT WARNING * * *
๐Ÿ˜ฑ HP[-13]
You take 13 damage, and now have 15/62 hp.
MASSIVE DAMAGE!! (PAUSE) ๐Ÿ˜จ HP[+1] Menkaure shouts, "The sands of time shall wipe you from history!" ๐Ÿ˜จ HP[+1] ๐Ÿ˜จ HP[+1] Menkaure is no longer moving quickly. ๐Ÿ˜จ HP[+1] Menkaure mumbles some strange words.
Menkaure seems to speed up.
You see here a hobgoblin skeleton. ๐Ÿ˜จ HP[+1] Menkaure giggles, "These cerements are ticklish..." ๐Ÿ˜จ HP[+1]
There is a stone staircase leading up here.
The hobgoblin barely misses you.
You climb upwards.
There is a stone staircase leading down here. ๐Ÿ˜จ HP[+1]
You slash the hobgoblin!
You kill the hobgoblin!
You see here a hobgoblin corpse.
You start resting.
HP restored. ๐Ÿ˜Ž HP[+40]
There is a stone staircase leading down here.
You climb downwards.
Level annotation: Menkaure
There is a stone staircase leading up here.
Menkaure hits you! ๐Ÿ˜• HP[-14]
You take 14 damage, and now have 48/62 hp.
MASSIVE DAMAGE!! (PAUSE)
You hit Menkaure. Menkaure hits you!!
* * * LOW HITPOINT WARNING * * *
๐Ÿ˜จ HP[-18]
You take 18 damage, and now have 30/62 hp.
MASSIVE DAMAGE!! (PAUSE)
You hit Menkaure but do no damage.
Menkaure mumbles some strange words.
Menkaure seems to speed up.
You hit Menkaure. Menkaure hits you but does no damage.
You barely miss Menkaure. Menkaure casts a spell at you.
Pain shoots through your body!
* * * LOW HITPOINT WARNING * * *
Menkaure hits you.
* * * LOW HITPOINT WARNING * * *
๐Ÿ˜จ HP[-11]
You take 11 damage, and now have 19/62 hp.
You slash Menkaure! Menkaure hits you!
* * * LOW HITPOINT WARNING * * *
๐Ÿ˜ฑ HP[-11]
You take 11 damage, and now have 8/62 hp.
You hit Menkaure.
Menkaure calls on the powers of darkness!
Your body is wracked with pain!
* * * LOW HITPOINT WARNING * * *
Menkaure hits you.
* * * LOW HITPOINT WARNING * * *
๐Ÿ˜ฑ HP[-7]
You take 7 damage, and now have 1/62 hp.
You hit Menkaure.
Menkaure gestures at you while chanting.
Pain shoots through your body!
You die...

Skill      XL: |  1  2  3  4  5  6 |
---------------+-------------------+-----
Fighting       | 4 5 |  5.8
Armour         | 4 5 |  5.7
Shields        | 4 5 |  5.6
Axes           | 3 4 5 |  5.1

Action                   |  1- 3 |  4- 6 |  7- 9 || total
-------------------------+-------+-------+-------++-------
Melee: War axe           |    86 |   170 |    24 ||   280
       Headbutt          |     9 |    28 |     3 ||    40
Armor: Scale mail        |    52 |    19 |       ||    71
       Chain mail        |       |    82 |     8 ||    90
Dodge: Dodged            |    38 |    76 |     3 ||   117
Block: Buckler           |    19 |    34 |     6 ||    59

Levels and vault maps discovered:
D:1:      moated_graveyard_arrival, layout_loops_ring,
          hellmonk_ecumenical_altar_pennies_from_heaven, serial_shops, shop,
          grunt_decor_arrowhead, minmay_pentomino_o4
D:2:      layout_rooms, grunt_ministairs_5, hangedman_decor_opposing,
          uniq_natasha, uniq_terence, uniq_crazy_yiuf_cottage
D:3:      layout_rooms, mainiacjoe_overflow_alcove_1
D:4:      minmay_chambers_of_threes, layout_loops_ring,
          lemuel_temple_firewalk_b, uniq_menkaure
Temple:   minmay_freezing_vapour_temple

Notes
Turn   | Place    | Note
-------+----------+-------------------------------------------
     0 | D:1      | Faeu the Minotaur Fighter began the quest for the Orb.
     0 | D:1      | Reached XP level 1. HP: 19/19 MP: 0/0
     0 | D:1      | magus.rc [v1.9.6]
    17 | D:1      | Reached XP level 2. HP: 24/27 MP: 1/1
   152 | D:1      | Reached skill level 4 in Fighting
   155 | D:1      | Found Ciclauzi's Weapon Shoppe.
   160 | D:1      | Reached skill level 4 in Armour
   163 | D:1      | Reached skill level 4 in Shields
   263 | D:1      | Found a faded altar of an unknown god.
   270 | D:1      | Reached skill level 3 in Axes
   270 | D:1      | Reached XP level 3. HP: 31/33 MP: 2/2
   870 | D:2      | Reached XP level 4. HP: 41/41 MP: 3/3
  1243 | D:3      | Found a sparkling altar of Nemelex Xobeh.
  1304 | D:3      | Reached XP level 5. HP: 28/47 MP: 4/4
  1951 | D:2      | Noticed Natasha
  1960 | D:2      | Killed Natasha
  1972 | D:2      | Reached skill level 4 in Axes
  2002 | D:2      | Reached skill level 5 in Fighting
  2048 | D:2      | Found a runed translucent door.
  2049 | D:2      | Noticed Crazy Yiuf
  2059 | D:2      | Noticed Natasha
  2084 | D:2      | Killed Crazy Yiuf
  2085 | D:2      | Reached skill level 5 in Armour
  2273 | D:2      | Noticed Terence
  2279 | D:2      | HP: 10/48 [Terence/+5 flail (6)]
  2282 | D:2      | Killed Terence
  2283 | D:2      | Reached skill level 5 in Shields
  2614 | D:4      | Reached XP level 6. HP: 45/56 MP: 5/5
  2815 | D:4      | Found a staircase to the Ecumenical Temple.
  2824 | Temple   | Entered the Ecumenical Temple
  2838 | Temple   | Became a worshipper of Hepliaklqana the Forgotten
  3275 | D:4      | Reached skill level 5 in Axes
  3388 | D:4      | Reached XP level 7. HP: 56/62 MP: 6/6
  3532 | D:4      | Noticed Menkaure
  3545 | D:4      | HP: 15/62 [??? (13)]
  3787 | D:4      | HP: 8/62 [Menkaure (11)]
  3788 | D:4      | HP: 1/62 [Menkaure (4)]
  3789 | D:4      | Killed from afar by Menkaure

Vanquished Creatures
  A necrophage (D:4)
  3 hounds
  Crazy Yiuf (D:2)
  A centaur skeleton (D:4)
  3 iguanas
  Natasha (D:2)
  Terence (D:2)
  4 adders
  A gnoll (D:1)
  A howler monkey skeleton (D:4)
  An ufetubus (D:4)
  2 adder skeletons (D:4)
  A worm (D:2)
  3 dart slugs
  9 orcs
  4 bats
  9 endoplasms
  7 giant cockroaches
  5 goblins
  11 hobgoblins
  A jackal (D:4)
  9 kobolds
  6 quokkas
  6 ball pythons
  2 frilled lizards (D:1)
  7 rats
100 creatures vanquished.

Table legend:
 A = Non-vault XP
 B = Vault XP
 C = Vault XP percentage of total XP
 D = Non-vault monster count
 E = Vault monster count
 F = Vault count percentage of total count
                 A         B        C        D         E       F
            +---------+---------+-------+---------+---------+-------
      Total |     508 |     266 |  34.4 |      80 |      20 |  20.0
            +---------+---------+-------+---------+---------+-------
        D:1 |      69 |       5 |   6.8 |      30 |       3 |   9.1
        D:2 |     101 |     157 |  60.9 |      16 |       5 |  23.8
        D:3 |      31 |       0 |   0.0 |      16 |       0 |   0.0
        D:4 |     307 |     104 |  25.3 |      18 |      12 |  40.0
            +---------+---------+-------+---------+---------+-------

Illustrated notes

Table legend:
 A = Kills in this place as a percentage of kills in entire the game.
 B = Kills by you in this place as a percentage of kills by you in the entire game.
 C = Kills by friends in this place as a percentage of kills by friends in the entire game.
 D = Other kills in this place as a percentage of other kills in the entire game.
 E = Experience gained in this place as a percentage of experience gained in the entire game.
 F = Experience gained in this place divided by the number of levels of this place that you have seen.
                   A       B       C       D       E      F
               +-------+-------+-------+-------+-------+----------------------
         Total | 100.0 | 100.0 |   N/A |   N/A | 100.0 | 154.8
       Dungeon | 100.0 | 100.0 |   N/A |   N/A | 100.0 | 193.5
               +-------+-------+-------+-------+-------+----------------------

Table legend: (Time is in decaauts)
 A = Elapsed time spent in this place.
 B = Non-inter-level travel time spent in this place.
 C = Inter-level travel time spent in this place.
 D = Time resting spent in this place.
 E = Time spent auto-exploring this place.
 F = Levels seen in this place.
 G = Mean time per level.
                   A        B        C        D        E       F      G
               +--------+--------+--------+--------+--------+-----+--------+
         Total |   3899 |   3820 |     79 |    747 |   1880 |   5 |  779.8 |
       Dungeon |   3878 |   3802 |     76 |    747 |   1870 |   4 |  969.5 |
        Temple |     20 |     17 |      3 |      0 |     10 |   1 |   20.0 |
               +--------+--------+--------+--------+--------+-----+--------+

Top non-repeatable levels by time:
     D:2: 1060 daAuts
     D:4: 998 daAuts
     D:3: 974 daAuts
     D:1: 845 daAuts
  Temple: 20 daAuts
